Map: Prion Terraces

Players

Kanade - Winner!

  • Race: Terran Terran
  • League: Grandmaster

Vandy

  • Race: Zerg Zerg
  • League: Master

VOD

Have the link to the VOD?

Description

Time

  • Played on: Dec. 17, 2015, 1:46 p.m.
  • Length: 9:24
Show
View Real Time Build Order
Export as new Build Order

Kanade Terran - Winner!

Build Orders: Liberator Opening, Reaper Expand, Bio Tank, MMM Bio 

Get SALT Encoding   

  12  0:01  SCV  
  13  0:13  SCV  
  14  0:18  Supply Depot  
  14  0:25  SCV  
  15  0:39  SCV  
  15  0:40  Barracks  
  16  0:44  Refinery  
  16  0:51  SCV  
  17  1:03  SCV  
  18  1:16  SCV  
  19  1:29  Reaper, Orbital Command  
  20  1:39  Command Center  
  20  1:47  Supply Depot  
  20  1:55  SCV  
  20  1:57  Refinery  
  21  2:01  Marine  
  21  2:07  SCV  
  23  2:12  Factory  
  23  2:19  SCV  
  24  2:23  Barracks Reactor  
  24  2:31  SCV  
  25  2:43  SCV  
  26  2:55  SCV  
  28  2:58  Starport  
  28  3:01  Orbital Command  
  27  3:07  SCV  
  27  3:11  Hellion x2  
  27  3:12  Barracks Tech Lab  
  32  3:19  SCV  
  33  3:20  Supply Depot  
  33  3:25  Liberator  
  33  3:27  SCV  
  33  3:31  SCV  
  35  3:40  SCV  
  36  3:42  Marine x2  
  36  3:43  Siege Tank  
  36  3:44  SCV  
  36  3:48  Supply Depot  
  45  3:52  SCV  
  45  3:56  SCV  
  45  3:59  Marine x2  
  48  4:04  SCV  
  48  4:08  SCV  
  50  4:14  Liberator  
  50  4:16  SCV  
  51  4:18  Siege Tank  
  51  4:20  SCV, Marine x2  
  57  4:28  SCV  
  57  4:30  Supply Depot  
  58  4:31  Supply Depot  
  58  4:32  SCV  
  62  4:42  Command Center  
  62  4:51  SCV x2  
  64  5:00  Factory Reactor  
  64  5:01  Stimpack  
  64  5:03  SCV x2, Barracks  
  64  5:04  Barracks  
  64  5:06  Marine  
  67  5:11  Refinery  
  67  5:13  Refinery  
  67  5:15  SCV x2  
  69  5:21  Starport Reactor  
  69  5:23  Marine  
  69  5:27  Supply Depot, Barracks x2  
  69  5:28  SCV x2  
  72  5:31  Supply Depot  
  72  5:36  Engineering Bay  
  72  5:37  Engineering Bay  
  72  5:40  SCV x2  
  72  5:42  Marine  
  75  5:52  SCV x2  
  75  5:53  Factory Reactor  
  75  5:54  Marine x2  
  75  5:56  Orbital Command  
  79  6:01  Marine x3  
  79  6:02  Medivac  
  86  6:04  SCV x2  
  86  6:06  Medivac  
  88  6:12  Marine  
  88  6:16  SCV  
  90  6:20  Terran Infantry Weapons Level 1, Terran Infantry Armor Level 1, Marine  
  90  6:21  Marine x2  
  90  6:22  Barracks Reactor  
  90  6:23  Barracks Tech Lab  
  90  6:24  Marine  
  90  6:25  Orbital Command  
  94  6:30  Marine  
  91  6:36  Medivac  
  91  6:38  Marine  
  91  6:39  Marine x2  
  95  6:41  Marine  
  95  6:43  Barracks  
  95  6:46  Medivac  
  99  6:48  Marine x2  
  99  6:50  Factory Tech Lab, SCV x3  
  101  6:56  Marine  
  101  6:57  Combat Shields, Marine x2  
  101  7:00  Marauder  
  106  7:02  Supply Depot, SCV x2  
  106  7:04  Supply Depot  
  106  7:05  SCV  
  109  7:09  Concussive Shells  
  109  7:18  Refinery  
  109  7:21  Supply Depot  
  109  7:23  Medivac, Marine x3  
  109  7:24  Siege Tank  
  109  7:27  Supply Depot  
  109  7:29  Marine x3  
  119  7:30  Marauder  
  119  7:31  Armory, Supply Depot  
  119  7:36  Marine x2, Marauder  
  125  7:41  Marine  
  125  7:43  Medivac, Marine x2  
  129  7:46  Marine  
  129  7:49  Supply Depot, Marine  
  129  7:50  Supply Depot, Marine  
  129  7:51  Supply Depot x2  
  132  7:52  Marauder  
  132  7:53  Marine  
  132  7:54  Marine  
  132  7:57  Medivac, Marauder  
  140  7:59  Marine  
  140  8:01  Marine  
  140  8:02  Marine  
  140  8:04  Marine  
  143  8:07  Marine  
  143  8:08  Marine  
  145  8:13  Marauder  
  145  8:14  Marine x2  
  145  8:16  Medivac  
  145  8:17  Marine  
  145  8:18  Marauder, Marine  
  155  8:20  Marine  
  148  8:27  Marine x3  
  148  8:30  Siege Tank, Medivac  
  148  8:31  Marine x2  
  158  8:35  Marine, Marauder  
  158  8:36  Marine  
  158  8:37  Marine  
  158  8:39  Marine  
  164  8:45  Marine  
  159  8:56  Marine, Marauder  
  159  9:02  Marine x2  
Show
View Real Time Build Order
Export as new Build Order

Vandy Zerg 

Build Orders: Hatch First 

Get SALT Encoding   

  12  0:01  Drone  
  13  0:12  Overlord  
  13  0:17  Drone  
  14  0:31  Drone x2  
  14  0:35  Drone  
  17  0:52  Hatchery  
  17  0:55  Drone  
  17  1:08  Spawning Pool  
  16  1:12  Extractor  
  16  1:13  Drone  
  16  1:17  Drone  
  17  1:20  Drone  
  18  1:28  Drone  
  19  1:40  Overlord  
  19  1:55  Queen  
  19  1:57  Zergling x2  
  19  2:00  Zergling x2  
  23  2:04  Drone, Queen  
  26  2:11  Drone  
  26  2:15  Metabolic Boost  
  27  2:19  Drone  
  28  2:23  Drone  
  29  2:31  Queen  
  29  2:32  Spore Crawler  
  30  2:39  Overlord  
  30  2:44  Zergling x2  
  30  2:48  Drone x3  
  33  2:56  Drone  
  35  2:58  Drone  
  35  3:08  Overlord  
  35  3:09  Drone  
  35  3:11  Drone x3  
  39  3:16  Drone x3  
  42  3:20  Roach Warren  
  41  3:33  Extractor  
  40  3:35  Drone x4  
  44  3:51  Drone x6  
  44  3:52  Overlord  
  44  3:53  Spore Crawler  
  49  4:00  Hatchery  
  48  4:03  Overlord  
  48  4:12  Drone x3  
  48  4:13  Drone x2  
  52  4:21  Roach x2  
  56  4:27  Overlord x2  
  56  4:30  Lair  
  56  4:33  Spore Crawler  
  56  4:34  Extractor  
  56  4:35  Drone x2, Extractor  
  56  4:36  Drone  
  56  4:40  Drone  
  57  4:48  Drone  
  57  4:51  Drone  
  59  4:54  Drone x2  
  59  4:57  Drone x5  
  66  5:10  Queen  
  66  5:11  Drone  
  65  5:23  Roach x2  
  65  5:24  Roach x5  
  79  5:28  Queen  
  81  5:39  Spore Crawler  
  81  5:41  Drone x3  
  81  5:45  Extractor  
  76  5:55  Roach  
  76  5:56  Roach x7  
  90  6:17  Overlord  
  90  6:18  Overlord  
  88  6:23  Evolution Chamber  
  87  6:25  Baneling Nest  
  78  6:33  Hatchery, Roach x2  
  78  6:34  Glial Reconstitution, Roach x2  
  78  6:39  Spire  
  84  6:40  Drone x2  
  84  6:41  Drone  
  87  6:48  Drone x4  
  87  6:49  Drone  
  87  6:51  Drone x2  
  94  6:55  Zerg Missile Weapons Level 1  
  94  6:58  Ravager  
  94  6:59  Ravager x2  
  94  7:00  Overlord  
  97  7:03  Drone  
  98  7:10  Drone x6  
  98  7:11  Drone  
  98  7:13  Extractor  
  104  7:20  Roach x2  
  104  7:22  Evolution Chamber, Ravager x2  
  111  7:23  Ravager x2  
  111  7:28  Roach  
  113  7:31  Overseer  
  113  7:35  Overlord x4  
  113  7:45  Roach  
  113  7:50  Roach  
  113  7:51  Roach  
  119  7:57  Roach x7  
  119  7:58  Roach  
  135  8:08  Drone x2, Spine Crawler  
  135  8:09  Drone, Spine Crawler  
  135  8:12  Roach x3  
  142  8:15  Overlord  
  142  8:25  Roach x3  
  146  8:28  Roach x3  
  146  8:29  Overlord  
  146  8:30  Overlord  
  146  8:33  Queen  
  154  8:36  Drone x3  
  154  8:38  Ravager x2  
  154  8:39  Ravager  
  160  8:43  Overlord x2  
  150  8:57  Roach  
  150  8:58  Roach x3  
  150  9:02  Roach x8  
Tags
 
Add a new tag
Caveats
  • Supply blocks, unpowered buildings, or Contaminate may cause inaccurate times.
  • Supply counts are checked every 10 seconds.